 Dungeon Crawl Stone Soup version 0.27-a0-965-gbf8bb431c4 (webtiles) character file.

Game seed: 10946386517503136142

238 polve the Cutter (level 5, -4/41 HPs)
             Began as a Demonspawn Abyssal Knight on Apr 12, 2021.
             Was a Believer of Lugonu.
             Killed from afar by Ijyb (16 damage)
             ... with a bolt of acid
             ... on level 3 of the Dungeon.
             The game lasted 00:02:30 (3146 turns).

polve the Cutter (Demonspawn Abyssal Knight)        Turns: 3146, Time: 00:02:30

Health: -4/41      AC: 11    Str: 14    XL:     5   Next: 78%
Magic:  6/6        EV: 11    Int: 13    God:    Lugonu [**....]
Gold:   130        SH:  6    Dex: 12    Spells: 4/4 levels left

rFire    + . .     SeeInvis .   g - +2 dagger (protect)
rCold    . . .     Faith    .   (no shield)
rNeg     . . .     Spirit   .   q - +0 leather armour {rF+}
rPois    .         Reflect  .   (no helmet)
rElec    .         Harm     .   (no cloak)
rCorr    .         Rampage  .   (no gloves)
Will     +....                  n - +0 pair of boots
Stlth    +.........             (no amulet)
HPRegen  0.13/turn              e - ring of wizardry
MPRegen  0.20/turn              l - ring of willpower

@: under a protective aura
A: large bone plates 2, magic regeneration
a: Renounce Religion, Depart the Abyss, Bend Space


You were on level 3 of the Dungeon.
You worshipped Lugonu.
Lugonu was pleased with you.
You visited 1 branch of the dungeon, and saw 3 of its levels.
You visited the Abyss 1 time.

You collected 130 gold pieces.

Inventory:

Hand Weapons
 a - a +1 short sword
 g - a +2 dagger of protection (weapon)
Armour
 n - a +0 pair of boots (worn)
 q - a +0 leather armour of fire resistance (worn)
Jewellery
 e - a ring of wizardry (left hand)
 l - a ring of willpower (right hand)
Scrolls
 c - a scroll of amnesia {unknown}
 d - 2 scrolls of teleportation {unknown}
 f - a scroll of enchant weapon {unknown}
 i - 2 scrolls of identify {unknown}
 p - a scroll of magic mapping {unknown}
Potions
 h - 2 potions of degeneration {unknown}
 k - a potion of haste {unknown}
 m - a potion of curing
 o - a potion of berserk rage


   Skills:
 + Level 3.0 Fighting
 * Level 4.3 Short Blades
 - Level 3.9 Armour
 - Level 0.8 Dodging
 - Level 2.4 Invocations


You had 4 spell levels left.
You didn't know any spells.
Your spell library contained the following spells:

 Spells                   Type           Power      Damage    Failure   Level
 Magic Dart               Conj           0%         1d3       16%         1
 Blink                    Tloc           N/A        N/A       22%         2
 Call Imp                 Summ           0%         N/A       22%         2
 Slow                     Hex            0%         N/A       22%         2
 Conjure Flame            Conj/Fire      0%         6-21      41%         3
 Mephitic Cloud           Conj/Pois/Air  0%         N/A       41%         3


Dungeon Overview and Level Annotations

Branches:
Dungeon (3/15)

Altars:
Uskayaw
Yredelemnul

Shops:
D:2 (

Annotations:
D:3 Ijyb


Innate Abilities, Weirdness & Mutations

You are mostly covered in large bone plates. (SH +6)
You regenerate magic rapidly.


Message History

You now have 130 gold pieces (gained 17).
You open the door.
Ijyb the Twisted Goblin comes into view.
She is wielding a +0 dagger and carrying a wand of acid (9).
Ijyb shouts!
Ijyb is nearby!
Ijyb is nearby!
Ijyb is nearby!
Ijyb is nearby!
Ijyb is nearby!
There is an open door here.
You hit Ijyb but do no damage.
Your weapon exudes an aura of protection.
Ijyb zaps a wand.
The bolt of acid hits you!!
Ouch! That really hurt!
You are splashed with acid!
* * * LOW HITPOINT WARNING * * *
You are too injured to fight recklessly!
You are too injured to fight recklessly!
You are too injured to fight recklessly!
You are too injured to fight recklessly!
You are too injured to fight recklessly!
You are too injured to fight recklessly!
You are too injured to fight recklessly!
You are too injured to fight recklessly!
You are too injured to fight recklessly!
You are too injured to fight recklessly!
You are too injured to fight recklessly!
You are too injured to fight recklessly!
You are too injured to fight recklessly!
You are too injured to fight recklessly!
You are too injured to fight recklessly!
You are too injured to fight recklessly!
You are too injured to fight recklessly!
You are too injured to fight recklessly!
You are too injured to fight recklessly!
You are too injured to fight recklessly!
You are too injured to fight recklessly!
It was a potion of curing.
You feel better.
Ijyb zaps a wand.
The bolt of acid hits you!
You die...

####..........#
#..........#
#..........#
#..........#
#..........#
#..........#
#..........#
##'#...#####
#@#...# #g#.#>#
#.#.#.# #.#.#.#
#.#.#.# #...#..
###


You could see Ijyb.

Vanquished Creatures
  Purgy (D:3)
  Natasha (thrice) (D:2)
  An adder (D:2)
  A worm (D:3)
  An orc (D:3)
  2 endoplasms
  4 giant cockroaches
  10 goblins
  4 hobgoblins
  2 jackals (D:2)
  4 kobolds
  2 quokkas (D:3)
  6 ball pythons
  4 bats
  6 frilled lizards
  13 rats
64 creatures vanquished.

Vanquished Creatures (others)
  7 demonic plants (D:2)
  5 fungi (D:2)
  3 plants (D:2)
  A withered plant (D:2)
16 creatures vanquished.

Grand Total: 80 creatures vanquished

Notes
Turn   | Place    | Note
-------+----------+-------------------------------------------
     0 | Abyss:1  | polve the Demonspawn Abyssal Knight began the quest for the
                  | Orb.
     0 | Abyss:1  | Reached XP level 1. HP: 18/18 MP: 2/2
    37 | Abyss:1  | Noticed a smoke demon
    38 | D:1      | Escaped the Abyss
   144 | D:1      | Reached skill level 2 in Short Blades
   211 | D:1      | Reached * piety under Lugonu
   289 | D:1      | Gained mutation: You are partially covered in large bone
                  | plates. (SH +4) [demonic ancestry]
   289 | D:1      | Reached XP level 2. HP: 21/24 MP: 3/3
   778 | D:1      | Reached skill level 3 in Short Blades
  1188 | D:1      | Gained mutation: You regenerate magic rapidly. [demonic
                  | ancestry]
  1188 | D:1      | Reached XP level 3. HP: 29/29 MP: 4/4
  1455 | D:2      | Noticed Natasha
  1467 | D:2      | Killed Natasha
  1809 | D:2      | Reached ** piety under Lugonu
  1810 | D:2      | Gained mutation: You are mostly covered in large bone
                  | plates. (SH +6) [demonic ancestry]
  1810 | D:2      | Reached XP level 4. HP: 34/35 MP: 5/5
  1817 | D:2      | Found a faded altar of an unknown god.
  1822 | D:2      | Noticed Natasha
  1841 | D:2      | Killed Natasha
  1842 | D:2      | Reached skill level 4 in Short Blades
  1995 | D:2      | Noticed Natasha
  2013 | D:2      | Killed Natasha
  2264 | D:2      | Found Verph's Antique Weapon Shoppe.
  2483 | D:2      | Reached XP level 5. HP: 41/41 MP: 6/6
  2659 | D:3      | Found a hide-covered altar of Uskayaw.
  2693 | D:3      | Found a basalt altar of Yredelemnul.
  2739 | D:3      | Noticed Purgy
  2760 | D:3      | Killed Purgy
  3142 | D:3      | Noticed Ijyb
  3146 | D:3      | Killed from afar by Ijyb

Illustrated notes

Levels and vault maps discovered:
D:1:      wander_arrival_chamber, layout_loops_corners, minmay_rat_gold_closets
D:2:      layout_loops_ring, shapermc_ecumenical_altar_gd, serial_shops,
          nicolae_shop_stone, uniq_natasha
D:3:      layout_basic, nicolae_uskayaw_dance_hall,
          nicolae_overflow_crystal_walls, uniq_purgy, uniq_ijyb

Skill      XL: |  1  2  3  4  5 |
---------------+----------------+-----
Short Blades   | 2 3 4 |  4.3
Armour         | 2 3 |  3.9
Fighting       | |  3.0
Dodging        | |  0.8
Invocations    | |  2.4

Action                   |  1- 3 |  4- 6 || total
-------------------------+-------+-------++-------
Melee: Short sword       |    62 |       ||    62
       Dagger            |    72 |   127 ||   199
Invok: Depart the Abyss  |     1 |       ||     1
  Use: Potion            |       |     2 ||     2
 Stab: Sleeping          |     3 |       ||     3
Armor: Leather armour    |    30 |    49 ||    79
Dodge: Dodged            |    51 |    57 ||   108
Block: Other             |    12 |    36 ||    48

Table legend: (Time is in decaauts)
 A = Elapsed time spent in this place.
 B = Non-inter-level travel time spent in this place.
 C = Inter-level travel time spent in this place.
 D = Time resting spent in this place.
 E = Time spent auto-exploring this place.
 F = Levels seen in this place.
 G = Mean time per level.
                   A        B        C        D        E       F      G
               +--------+--------+--------+--------+--------+-----+--------+
         Total |   3110 |   3021 |     89 |     49 |   2510 |   4 |  777.5 |
       Dungeon |   3072 |   2983 |     89 |     49 |   2473 |   3 | 1024.0 |
         Abyss |     38 |     38 |      0 |      0 |     37 |   1 |   38.0 |
               +--------+--------+--------+--------+--------+-----+--------+

Top non-repeatable levels by time:
     D:1: 1409 daAuts
     D:2: 1167 daAuts
     D:3: 496 daAuts
 Abyss:1: 38 daAuts
